AoeStats
← Josmi-Ga'lock

Nomad

508965679Analyzed
4v4 RM · 9d ago on Sep 24, 2026· 68m 24s· 8 players
Game mode
Random Map
Map size
231×231
Population
200
Speed
Normal
Resources
Standard
Victory
Conquest
Starting age
Dark Age
Ending age
Imperial Age
RankedLock teamsTeams togetherTeam positionsShared explorationLock speedFull tech treeHidden civsTurbo modeCheats
Victory
Defeat
🇧🇷 Maya · Brazil
978
+14
🇵🇱 Varangians · Poland
940
+27
🇮🇳 Franks · India
931
+16
🇪🇸 Spanish · Spain
885
+19
🇻🇪 Saxons · Venezuela
981
-18
🇦🇷 Vikings · Argentina
968
-17
🇧🇷 Britons · Brazil
930
-16
🇦🇷 Huns · Argentina
873
-14
SGTSanju
14:31 Feudal Age
16:16 Double-Bit Axe
17:59 Fishing Lines
21:12 Castle Age
21:00 Horse Collar
22:13 Bloodlines
22:15 Scale Barding Armor
22:22 Forging
23:14 Husbandry
23:15 Gillnets
23:59 Chain Barding Armor
32:18 Heavy Plow
55:50 Imperial Age
53:57 Wheelbarrow
58:16 Light Cavalry
63:03 Hand Cart
Viking
4:58 Loom
16:13 Feudal Age
21:07 Castle Age
19:29 Fletching
20:22 Fishing Lines
21:01 Double-Bit Axe
22:19 Bodkin Arrow
22:40 Bow Saw
26:48 Forging
26:43 Scale Barding Armor
26:37 Gillnets
26:56 Husbandry
27:06 Bloodlines
27:42 Wheelbarrow
28:20 Squires
28:05 Arson
28:59 Iron Casting
28:44 Chain Barding Armor
35:26 Imperial Age
41:58 Hand Cart
41:29 Town Watch
42:20 Capped Ram
51:11 Elite Jarl
56:28 Bracer
56:56 Town Patrol
57:23 Ballistics
58:13 Chemistry
56:42 Cranequins
56:53 Heavy Mounted Crossbowman
58:58 Onager
60:26 Padded Archer Armor
64:43 Caravan
64:49 Siege Ram
dushyanthkuthati
4:15 Loom
16:13 Feudal Age
20:58 Castle Age
22:31 Wheelbarrow
33:56 Double-Bit Axe
45:02 Hand Cart
50:32 Scale Barding Armor
50:37 Forging
50:33 Scale Barding Armor
50:38 Forging
54:18 Imperial Age
52:22 Gold Mining
52:47 Bow Saw
53:30 Chain Barding Armor
53:45 Iron Casting
53:30 Chain Barding Armor
53:46 Iron Casting
53:16 Husbandry
53:59 Gold Shaft Mining
54:35 Cavalier
56:57 Plate Barding Armor
57:22 Blast Furnace
56:58 Plate Barding Armor
57:23 Blast Furnace
57:03 Town Watch
59:40 Scale Mail Armor
60:55 Chain Mail Armor
61:20 Elite Throwing Axeman
65:47 Paladin
Caduzera
14:25 Feudal Age
16:03 Double-Bit Axe
25:22 Castle Age
24:24 Padded Archer Armor
24:15 Fletching
30:31 Crossbowman
32:46 Leather Archer Armor
32:27 Bodkin Arrow
33:43 Stone Mining
33:50 Gold Mining
46:01 Imperial Age
47:10 Ballistics
49:08 Chemistry
47:43 Arbalester
50:25 Ring Archer Armor
56:24 Bodkin Arrow
Men-yopuk
14:46 Feudal Age
16:06 Wheelbarrow
15:48 Double-Bit Axe
17:42 Fishing Lines
22:17 Castle Age
23:10 Bow Saw
23:18 Hand Cart
23:45 Stone Mining
23:45 Gold Mining
24:08 Gillnets
24:47 Town Watch
24:48 Loom
27:01 Gold Shaft Mining
26:20 Fletching
26:31 Padded Archer Armor
28:45 Horse Collar
29:57 Heavy Plow
34:42 Imperial Age
33:47 Bodkin Arrow
34:08 Leather Archer Armor
33:37 Treadmill Crane
36:55 Town Patrol
38:39 Bracer
39:23 Elite Skirmisher
44:42 Ballistics
48:35 Ring Archer Armor
48:38 Pikeman
Abyssus
3:22 Loom
15:08 Feudal Age
15:41 Double-Bit Axe
17:37 Town Watch
18:32 Horse Collar
18:57 Fishing Lines
24:25 Castle Age
23:06 Stone Mining
23:09 Gold Mining
25:47 Gold Shaft Mining
25:53 Wheelbarrow
25:28 Gillnets
25:47 Squires
25:33 Arson
26:51 Pikeman
26:59 Crossbowman
27:45 Thumb Ring
27:01 Elite Skirmisher
31:53 Hand Cart
32:23 Fletching
32:34 Scale Mail Armor
32:56 Bow Saw
34:15 Town Patrol
34:29 Bodkin Arrow
35:42 Padded Archer Armor
35:58 Chain Mail Armor
37:39 Ballistics
37:01 Treadmill Crane
37:17 Murder Holes
41:58 Imperial Age
42:12 Masonry
43:19 Hoardings
42:30 Heavy Scorpion
44:53 Siege Engineers
45:43 Shield Wall
46:44 Conscription
46:52 Arbalester
48:39 Bracer
49:42 Chemistry
50:08 Two-Man Saw
52:33 Architecture
51:45 Halberdier
53:31 Leather Archer Armor
55:33 Ring Archer Armor
55:34 Plate Mail Armor
55:35 Onager
59:32 Forging
58:46 Elite Varangian Guard
63:42 Coinage
63:55 Elite Hearth Troop
Josmi-Ga'lock
4:23 Loom
16:10 Feudal Age
16:44 Double-Bit Axe
17:09 Arson
21:21 Fletching
25:04 Town Watch
27:54 Castle Age
33:38 Stone Mining
37:16 Squires
38:49 Scale Mail Armor
41:28 Forging
42:46 Ballistics
42:22 Murder Holes
45:33 Bow Saw
47:44 Bodkin Arrow
50:46 Chain Mail Armor
51:07 Iron Casting
55:42 Pikeman
56:58 Town Patrol
58:01 Gold Mining
60:31 Treadmill Crane
67:33 Imperial Age
Bluezote
3:57 Loom
13:27 Feudal Age
18:48 Castle Age
20:37 Husbandry
20:46 Scale Barding Armor
20:53 Forging
24:23 Medium Warships
32:19 Fishing Lines
32:10 Pikeman
37:01 Squires
38:04 Scale Mail Armor
59:52 Gillnets
Connection lost

Rejoining the realm…

Still unreachable

The connection could not be restored.

Session expired

The server has moved on; the page needs a fresh start.